 Dungeon Crawl Stone Soup version 0.31.0-1-g2c135a0 (webtiles) character file.

Game seed: 4376789547947722993

4944 Kave the Grappler (level 10, -5/144 HPs)
             Began as a Troll Shapeshifter on Apr 13, 2024.
             Was a Believer of Sif Muna.
             Slain by a hornet (8 damage)
             ... on level 8 of the Dungeon.
             The game lasted 00:13:33 (6103 turns).

Kave the Grappler (Troll Shapeshifter)              Turns: 6103, Time: 00:13:33

Health: -5/144     AC:  4    Str: 28    XL:     10   Next: 28%
Magic:  9/9        EV: 11    Int:  6    God:    Sif Muna [**....]
Gold:   443        SH:  0    Dex:  9    Spells: 9/9 levels left

rFire   . .          .
                       - Unarmed
rCold   . . .        (no shield)
rNeg    . . .        a - +0 animal skin
rPois   +            (helmet currently unavailable)
rElec   .            (cloak currently unavailable)
rCorr   .            (gloves unavailable)
SInv    +            (boots unavailable)
Will    .....        (no amulet) Stlth
                     j - ring of poison resistance
HPRegen 1.24/turn    G - ring of see invisible
MPRegen 0.11/turn

%: no passive effects
@: berserking, lethally poisoned (-5 -> -13), beast-form, very quick
A: beast (slay +4), large, unfitting armour, claws 3, regeneration 1, shaggy fur
1, tough skin 1
a: Begin Untransformation, Renounce Religion, Channel Magic


You were on level 8 of the Dungeon.
You worshipped Sif Muna.
Sif Muna was pleased with you.
You were a hulking beast.
You visited 2 branches of the dungeon, and saw 10 of its levels.
You visited the Abyss 1 time.

You collected 509 gold pieces.
You spent 66 gold pieces at shops.

Inventory:

Hand Weapons
 I - a +0 giant spiked club
Missiles
 M - 21 curare-tipped darts (quivered)
Armour
 a - a +0 animal skin (worn)
 H - a +2 hat
 K - a +2 robe of fire resistance
Magical Staves
 s - a staff of fire
Jewellery
 j - a ring of poison resistance (left claw)
 v - a +6 ring of strength
 x - a +6 ring of dexterity
 y - a ring of willpower
 A - an amulet of faith
 G - a ring of see invisible (right claw)
 L - a +5 ring of evasion
 S - a ring of willpower
 U - a ring of flight
Talismans
 c - a beast talisman
 d - a flux talisman
Wands
 b - a wand of mindburst (12)
 z - a wand of charming (40)
 D - a wand of flame (31)
 J - a wand of acid (8)
 Q - a wand of roots (29)
Scrolls
 e - 11 scrolls of identify {unknown}
 h - 2 scrolls of brand weapon {unknown}
 m - a scroll of blinking {unknown}
 n - 3 scrolls of revelation {unknown}
 o - 2 scrolls of vulnerability {unknown}
 p - a scroll of amnesia {unknown}
 q - 2 scrolls of enchant armour {unknown}
 r - a scroll of enchant weapon {unknown}
 B - 2 scrolls of poison {unknown}
 C - a scroll of acquirement {unknown}
 F - 3 scrolls of immolation {unknown}
 O - a scroll of teleportation {unknown}
 R - a scroll of torment {unknown}
 V - a scroll of fog {unknown}
Potions
 f - a potion of heal wounds {unknown}
 g - a potion of haste
 i - a potion of attraction
 k - 2 potions of mutation {unknown}
 l - 2 potions of brilliance {unknown}
 t - a potion of ambrosia
 w - 2 potions of curing {unknown}
 E - a potion of resistance {unknown}
 N - 2 potions of might
 P - a potion of enlightenment {unknown}
 T - a potion of degeneration {unknown}
 W - 2 potions of invisibility {unknown}


   Skills:
 + Level 5.0 Fighting
 + Level 5.2 Dodging
 - Level 1.0 Shields
 * Level 9.4 Unarmed Combat
 * Level 8.7 Shapeshifting


You had 9 spell levels left.
You didn't know any spells.
Your spell library contained the following spells:

 Spells                   Type           Power      Damage    Failure   Level
 Ensorcelled Hibernation  Hex/Ice        0%         N/A       58%         2
 Ozocubu's Armour         Ice            0%         N/A       83%         3
 Passwall                 Erth           0%         N/A       83%         3
 Summon Ice Beast         Ice/Summ       0%         N/A       83%         3
 Swiftness                Air            0%         N/A       83%         3
 Metabolic Englaciation   Hex/Ice        0%         N/A       100%        5
 Summon Mana Viper        Hex/Summ       0%         N/A       100%        5
 Sculpt Simulacrum        Ice/Alch       0%         N/A       100%        6
 Monstrous Menagerie      Summ           0%         N/A       100%        7


Dungeon Overview and Level Annotations

Branches:
Dungeon (9/15)             Temple (1/1) D:6            Lair (0/5) D:8
    Orc: D:9-12

Altars:
Cheibriados
Dithmenos
Elyvilon
Fedhas
Gozag
Hepliaklqana
Kikubaaqudgha
Makhleb
Nemelex Xobeh
Okawaru
Qazlal
Ru
Sif Muna
Trog
Uskayaw
Vehumet
Wu Jian
Xom
Yredelemnul
Zin
The Shining One

Shops:
D:4 *   D:5 =   D:8 =


Innate Abilities, Weirdness & Mutations

You are a hulking beast.
Your limbs bulge with bestial killing power. (Slay +4)
You are too large for most types of armour.
You have claws for hands.
Your natural rate of healing is unusually fast.
You are covered in fur. (AC +1)
You have tough skin. (AC +1)


Message History

You are too injured to fight recklessly!
You are too injured to fight recklessly!
You are too injured to fight recklessly!
You are too injured to fight recklessly!
You are too injured to fight recklessly!
You are too injured to fight recklessly!
You miss the hornet. The hornet barely misses you.
You barely miss the hornet. The hornet stings you!
You feel yourself slow down. The orc hits you with a +0 dagger.
You scratch the hornet.
The hornet is lightly wounded.
The hornet stings you.
* * * LOW HITPOINT WARNING * * *
You are poisoned.
The orc hits you with a +0 dagger.
* * * LOW HITPOINT WARNING * * *
The hornet barely misses you.
A red film seems to cover your vision as you go berserk!
You feel yourself moving faster!
You feel mighty!
You feel very sick. The hornet stings you!
* * * LOW HITPOINT WARNING * * *
The orc hits you with a +0 dagger.
* * * LOW HITPOINT WARNING * * *
The hornet misses you. The orc closely misses you. The hornet stings you.
* * * LOW HITPOINT WARNING * * *
You closely miss the hornet.
The hornet is lightly wounded.
You feel yourself speed up.
You feel sick. The hornet stings you!
* * * LOW HITPOINT WARNING * * *
You are lethally poisoned!
The orc hits you with a +0 dagger.
* * * LOW HITPOINT WARNING * * *
You closely miss the hornet.
The hornet is lightly wounded.
* * * LOW HITPOINT WARNING * * *
You feel very sick. The hornet stings you!
You die...

####......### #.# # ...####...##
#.# # ##.###.....## ##.# ##
##.##.......## ##..# ##.
##.#.........####...###########..
...+.........'...................
##.#.......[.####...###########..
##.##.......## ###..#### ###.
##.###.....## #hy.....# #... ##.#
##...## #o#####<# #.## ...# ##'##
#.# #.# ##.## #### #.# #.# #.#
##...# # #.# #.# #.# #.###. ####
##.## #.#####.# #.# #. ...#
##...#### #.......# #.###.
##.###...>.#.#######.### ##...#
.....##...#.#.######.# ####.


You could see a hornet and an orc.

Vanquished Creatures
  An elephant (D:8)
  A kobold demonologist (D:6)
  Psyche (D:8)
  The ghost of bonegar the Thaumaturge, a novice DEHW (D:6)
  Sigmund (D:4)
  2 yaks (D:8)
  A shadow (D:5)
  Menkaure (D:4)
  3 water moccasins
  2 orc warriors
  A sky beast (D:7)
  3 ogres
  An ice beast (D:7)
  Blork the orc (D:4)
  9 kobold brigands (D:6)
  7 bullfrogs
  A scorpion (D:7)
  6 howler monkeys (D:7)
  2 bombardier beetles
  2 jellies
  A hound (D:5)
  4 sleepcaps
  Terence (D:3)
  3 iguanas
  12 orc wizards
  A statue (D:8)
  6 adders
  2 ufetubi (D:6)
  A ribbon worm (D:2)
  34 orcs
  7 bats
  4 endoplasms
  7 giant cockroaches
  7 goblins
  7 hobgoblins
  11 jackals
  11 kobolds
  4 quokkas
  5 ball pythons
  2 frilled lizards
  A rat (D:3)
178 creatures vanquished.

Notes
Turn   | Place    | Note
-------+----------+-------------------------------------------
     0 | D:1      | Kave the Troll Shapeshifter began the quest for the Orb.
     0 | D:1      | Reached XP level 1. HP: 18/18 MP: 0/0
    70 | D:1      | Reached skill level 1 in Fighting
   108 | D:1      | Reached XP level 2. HP: 27/27 MP: 1/1
   416 | D:1      | Reached XP level 3. HP: 32/33 MP: 2/2
   797 | D:2      | Found a hide-covered altar of Uskayaw.
  1113 | D:3      | Noticed Terence
  1122 | D:3      | Killed Terence
  1123 | D:3      | Reached skill level 1 in Shields
  1123 | D:3      | Reached XP level 4. HP: 27/41 MP: 3/3
  1404 | D:3      | Reached skill level 4 in Unarmed Combat
  1404 | D:3      | Reached XP level 5. HP: 45/48 MP: 4/4
  1550 | D:4      | Found a sacrificial altar of Ru.
  1575 | D:4      | Noticed a water moccasin
  1586 | D:4      | Killed a water moccasin
  1587 | D:4      | Reached XP level 6. HP: 13/57 MP: 5/5
  1755 | D:4      | Noticed Menkaure
  1762 | D:4      | Killed Menkaure
  1870 | D:4      | Noticed Sigmund
  1888 | D:4      | Killed Sigmund
  1889 | D:4      | Reached skill level 5 in Unarmed Combat
  1889 | D:4      | Reached skill level 5 in Shapeshifting
  1889 | D:4      | Reached XP level 7. HP: 22/66 MP: 6/6
  2088 | D:4      | Noticed Blork the orc
  2095 | D:4      | Killed Blork the orc
  2097 | D:4      | Found a basalt altar of Yredelemnul.
  2151 | D:4      | Found a stormy altar of Qazlal.
  2152 | D:4      | Found an opulent altar of Gozag.
  2192 | D:4      | Found Feleo's Assorted Antiques.
  2196 | D:4      | Bought a scroll labelled WYTZEJU NOS POGYT for 22 gold
                  | pieces
  2196 | D:4      | Bought a scroll labelled QYGGO NUUTT for 22 gold pieces
  2196 | D:4      | Bought a scroll labelled JIKLYS BIOHE for 22 gold pieces
  2320 | D:5      | Entered Level 5 of the Dungeon
  2623 | D:5      | Noticed a shadow
  2629 | D:5      | Killed a shadow
  2630 | D:5      | Reached skill level 6 in Unarmed Combat
  2630 | D:5      | Reached XP level 8. HP: 62/75 MP: 7/7
  2684 | D:5      | Found Joguhesap's Jewellery Shoppe.
  3048 | D:6      | Found a staircase to the Ecumenical Temple.
  3106 | Temple   | Entered the Ecumenical Temple
  3126 | Temple   | Became a worshipper of Sif Muna the Loreminder
  3439 | D:6      | Identified the +0 scale mail of the Desert {rPois rC-
                  | Slay+5}
  3482 | D:6      | Found a snail-covered altar of Cheibriados.
  3505 | D:6      | Found a runed translucent gate.
  3505 | D:6      | Noticed a kobold demonologist
  3506 | D:6      | Found a runed translucent gate.
  3506 | D:6      | Noticed bonegar's ghost (novice DEHW)
  3507 | D:6      | Found a runed translucent gate.
  4004 | D:6      | Killed a kobold demonologist
  4005 | D:6      | Reached skill level 7 in Unarmed Combat
  4024 | D:6      | Reached XP level 9. HP: 84/84 MP: 8/8
  4086 | D:6      | Killed bonegar's ghost
  4087 | D:6      | Reached skill level 8 in Unarmed Combat
  4424 | D:7      | Reached * piety under Sif Muna
  4477 | D:7      | Found a hide-covered altar of Uskayaw.
  5121 | D:8      | Noticed an elephant
  5157 | D:8      | Reached skill level 5 in Dodging
  5157 | D:8      | Reached skill level 9 in Unarmed Combat
  5157 | D:8      | Reached XP level 10. HP: 59/94 MP: 9/9
  5160 | D:8      | Killed an elephant
  5366 | D:8      | Identified the +7 chain mail of the Blessed Realm {+Inv Fly
                  | rC-}
  5554 | D:8      | Reached ** piety under Sif Muna
  5586 | D:8      | Found a radiant altar of Vehumet.
  5655 | D:8      | Noticed Psyche
  5659 | Abyss:2  | Cast into level 2 of the Abyss (Psyche)
  5696 | Abyss:2  | Noticed an apocalypse crab
  5714 | D:8      | Escaped the Abyss
  5725 | D:8      | Killed Psyche
  5726 | D:8      | Reached skill level 5 in Fighting
  5830 | D:8      | Found Ymniwkirch's Jewellery Boutique.
  6048 | D:8      | Found a staircase to the Lair.
  6102 | D:8      | HP: 7/144 [hornet (14)]
  6103 | D:8      | HP: 3/144 [poisoned by a hornet]
  6103 | D:8      | Slain by a hornet

Illustrated notes

Levels and vault maps discovered:
D:1:      doesnt_arrival_eight_statues, layout_basic, kennysheep_nondescript
D:2:      minmay_kobold_bridge, layout_rooms, basic_altar,
          hangedman_decor_growths, kennysheep_generic_room_3
D:3:      layout_basic, chequers_serial_rivers_room_b, uniq_terence
D:4:      layout_gridville, mainiacjoe_overflow_brackets,
          chequers_temple_overflow_statue_of_worship, serial_shops,
          nicolae_shop_back_alley_shop, minmay_splitting_lines,
          minmay_diced_spiral, uniq_sigmund, uniq_menkaure, uniq_blork_the_orc
D:5:      layout_basic, minmay_shop_enchanted_jewellery,
          hangedman_decor_clover_reticule, kennysheep_pointless_box
D:6:      layout_basic, slow_altar_1, minmay_temple_entry_sparse_star,
          gammafunk_ghost_nasty_kobolds, grunt_ministairs_3
D:7:      kennysheep_spiral_hall, layout_loops_ring,
          mainiacjoe_overflow_boulevard
D:8:      layout_loops_corners, vehumet_statue, grunt_lair_entry_orc_guard_hut,
          serial_shops, shop, uniq_psyche
D:9:      layout_basic, mainiacjoe_overflow_six_doors_small,
          nicolae_doodle_vault, uniq_maurice
Temple:   jpeg_temple_clearing

Skill      XL: |  1  2  3  4  5  6  7  8  9 10 |
---------------+-------------------------------+-----
Fighting       | 1 2 3 4 5 |  5.0
Dodging        | 2 3 4 5 |  5.2
Shields        | 1 |  1.0
Unarmed Combat | 4 5 6 7 9 |  9.4
Shapeshifting  | 4 5 6 8 |  8.7

Action                     |  1- 3 |  4- 6 |  7- 9 | 10-12 || total
---------------------------+-------+-------+-------+-------++-------
  Melee: Unarmed           |   115 |    69 |   248 |    64 ||   496
         Punch             |       |     1 |    11 |     2 ||    14
    Use: Potion            |       |       |     6 |     1 ||     7
   Stab: Sleeping          |     1 |       |       |       ||     1
 Armour: Animal skin       |    84 |    50 |   144 |    58 ||   336
         Skin              |       |       |    30 |       ||    30
  Dodge: Dodged            |    55 |    42 |    92 |    36 ||   225
